General information
- name: BNet
- type: Ladder team game (AT/RT)
- host: Battle.net
- saver: AbductedByAlien
map: TwilightRuins
- players: 8
- length: 17:51
- speed: Fast
- version: 1.28 W3XP
- replay type: Public
» download(128 KB)
Players
team 1 (winner)

»
gtfour (
purple | 68 APM | 1209 actions | 17:51)
4 Mountain King
2 Storm Bolt
2 Bash
3 Paladin
2 Holy Light
1 Divine Shield
» actions
| Assign group hotkey | 20 | |
| Basic commands | 292 | |
| Build / train | 64 | |
| Enter build submenu | 31 | |
| Enter hero's abilities submenu | 7 | |
| Remove unit from queue | 1 | |
| Right click | 231 | |
| Select / deselect | 210 | |
| Select group hotkey | 289 | |
| Use ability | 64 | |
1209 total
» units
| Peasant | 14 | |
| Footman | 5 | |
| Siege Engine | 4 | |
| Mortar Team | 4 | |
27 total
» upgrades
| Defend | 1 | |
| Gunpowder | 3 | |
| Plating | 1 | |
| Lumber Harvesting | 2 | |
| Barrage | 1 | |
| Fragmentation Shards | 1 | |
| Flare | 1 | |
10 total
» buildings
| Altar of Kings | 1 | |
| Farm | 10 | |
| Barracks | 1 | |
| Scout Tower | 11 | |
| Arcane Vault | 1 | |
| Arcane Tower | 1 | |
| Lumber Mill | 1 | |
| Town Hall | 1 | |
| Guard Tower | 6 | |
| Keep | 1 | |
| Blacksmith | 1 | |
| Castle | 1 | |
| Workshop | 3 | |
39 total
» build order
00:14 Altar of Kings
00:20 Farm
01:05 Barracks
01:23 Farm
02:05 Scout Tower
02:11 Farm
02:19 Scout Tower
02:37 Arcane Vault
02:48 Arcane Tower
03:42 Lumber Mill
03:56 Farm
04:52 Farm
05:15 Town Hall
05:21 Scout Tower
05:28 Scout Tower
05:30 Scout Tower
05:37 Scout Tower
05:39 Farm
05:59 Guard Tower
06:17 Keep
06:24 Scout Tower
06:52 Blacksmith
07:01 Guard Tower
07:03 Guard Tower
07:16 Farm
07:19 Scout Tower
07:24 Scout Tower
08:28 Guard Tower
08:32 Farm
08:40 Castle
08:49 Workshop
09:36 Workshop
11:14 Workshop
11:39 Farm
11:42 Farm
13:15 Scout Tower
13:19 Scout Tower
13:55 Guard Tower
14:34 Guard Tower
» items
| Scroll of Regeneration | 5 | |
| Lesser Clarity Potion | 1 | |
| Orb of Fire | 1 | |
| Staff of Sanctuary | 1 | |
8 total

»
Couille_Gauche (
orange | 52 APM | 936 actions | 17:51)
4 Paladin
2 Holy Light
2 Devotion Aura
» actions
| Assign group hotkey | 18 | |
| Basic commands | 36 | |
| Build / train | 53 | |
| ESC pressed | 1 | |
| Enter build submenu | 26 | |
| Enter hero's abilities submenu | 4 | |
| Give item / drop item | 1 | |
| Right click | 303 | |
| Select / deselect | 205 | |
| Select group hotkey | 240 | |
| Use ability | 49 | |
936 total
» units
| Peasant | 12 | |
| Footman | 4 | |
| Knight | 5 | |
| Sorceress | 2 | |
| Priest | 6 | |
29 total
» upgrades
| Masonry | 2 | |
| Plating | 1 | |
| Swords | 1 | |
| Animal War Training | 1 | |
| Priest Training | 2 | |
7 total
» buildings
| Altar of Kings | 1 | |
| Barracks | 2 | |
| Farm | 12 | |
| Arcane Vault | 1 | |
| Keep | 1 | |
| Lumber Mill | 1 | |
| Blacksmith | 1 | |
| Scout Tower | 9 | |
| Castle | 1 | |
| Town Hall | 2 | |
| Arcane Sanctum | 1 | |
| Guard Tower | 5 | |
37 total
» build order
00:05 Altar of Kings
00:10 Barracks
00:23 Farm
00:50 Farm
01:35 Farm
02:15 Farm
02:50 Arcane Vault
03:42 Keep
04:01 Farm
04:08 Farm
04:10 Farm
04:17 Lumber Mill
05:17 Blacksmith
05:21 Barracks
05:24 Scout Tower
05:25 Scout Tower
05:28 Scout Tower
06:15 Castle
07:30 Town Hall
07:52 Scout Tower
07:54 Farm
08:05 Arcane Sanctum
09:12 Guard Tower
10:00 Town Hall
10:07 Scout Tower
10:08 Scout Tower
10:15 Guard Tower
10:17 Guard Tower
10:25 Guard Tower
11:30 Farm
11:34 Farm
11:36 Farm
11:49 Guard Tower
13:18 Scout Tower
13:21 Scout Tower
14:25 Farm
14:27 Scout Tower
» items
| Lesser Clarity Potion | 1 | |
| Mechanical Critter | 1 | |
| Claws of Attack +6 | 1 | |
| Gloves of Haste | 1 | |
| Scroll of Town Portal | 1 | |
5 total
DTH]Nightsorrow (
red | 64 APM | 1134 actions | 17:51)
4 Blood Mage
2 Flame Strike
2 Siphon Mana
3 Mountain King
2 Storm Bolt
1 Bash
» actions
| Assign group hotkey | 34 | |
| Basic commands | 3 | |
| Build / train | 90 | |
| Enter build submenu | 36 | |
| Enter hero's abilities submenu | 7 | |
| Give item / drop item | 5 | |
| Remove unit from queue | 3 | |
| Right click | 515 | |
| Select / deselect | 248 | |
| Select group hotkey | 143 | |
| Use ability | 50 | |
1134 total
» units
| Peasant | 10 | |
| Rifleman | 10 | |
| Goblin Shredder | 1 | |
| Spell Breaker | 7 | |
28 total
» upgrades
| Gunpowder | 3 | |
| Masonry | 3 | |
| Armor | 2 | |
| Long Rifles | 1 | |
| Plating | 2 | |
| Swords | 2 | |
13 total
» buildings
| Altar of Kings | 1 | |
| Barracks | 1 | |
| Farm | 11 | |
| Blacksmith | 2 | |
| Lumber Mill | 2 | |
| Arcane Vault | 2 | |
| Scout Tower | 11 | |
| Town Hall | 1 | |
| Arcane Tower | 2 | |
| Guard Tower | 11 | |
| Keep | 4 | |
| Castle | 4 | |
| Arcane Sanctum | 2 | |
54 total
» build order
00:53 Altar of Kings
01:05 Barracks
01:08 Farm
01:17 Farm
01:29 Blacksmith
01:46 Lumber Mill
02:10 Farm
02:21 Arcane Vault
02:52 Farm
02:54 Farm
04:19 Scout Tower
04:57 Town Hall
05:01 Scout Tower
05:03 Scout Tower
05:05 Scout Tower
05:13 Arcane Tower
05:47 Guard Tower
05:50 Scout Tower
06:00 Scout Tower
06:14 Guard Tower
06:14 Guard Tower
06:18 Guard Tower
06:18 Guard Tower
06:41 Arcane Tower
06:48 Arcane Vault
07:19 Keep
07:20 Keep
07:20 Keep
07:56 Scout Tower
07:58 Farm
07:59 Farm
08:57 Scout Tower
08:58 Scout Tower
08:59 Scout Tower
09:01 Scout Tower
09:44 Farm
09:46 Farm
09:47 Farm
09:48 Guard Tower
09:52 Guard Tower
10:35 Guard Tower
10:35 Guard Tower
10:36 Castle
10:37 Castle
10:37 Castle
11:06 Arcane Sanctum
11:13 Arcane Sanctum
11:24 Farm
15:06 Blacksmith
15:08 Lumber Mill
» items
| Scroll of Regeneration | 3 | |
| Potion of Invisibility | 1 | |
| Staff of Teleportation | 1 | |
| Scroll of Speed | 1 | |
| Claws of Attack +9 | 1 | |
| Talisman of Evasion | 1 | |
| Staff of Sanctuary | 4 | |
| Ankh of Reincarnation | 1 | |
| Ring of Regeneration | 1 | |
14 total

»
Dani96 (
blue | 49 APM | 883 actions | 17:51)
4 Blademaster
2 Wind Walk
2 Critical Strike
4 Shadow Hunter
2 Healing Wave
2 Hex
» actions
| Assign group hotkey | 14 | |
| Build / train | 64 | |
| Enter build submenu | 13 | |
| Enter hero's abilities submenu | 8 | |
| Give item / drop item | 8 | |
| Right click | 252 | |
| Select / deselect | 223 | |
| Select group hotkey | 269 | |
| Use ability | 32 | |
883 total
» units
» upgrades
| Ranged Weapons | 3 | |
| Armor | 3 | |
| Envenomed Spears | 1 | |
7 total
» buildings
| War Mill | 1 | |
| Orc Burrow | 8 | |
| Altar of Storms | 1 | |
| Stronghold | 1 | |
| Beastiary | 2 | |
| Fortress | 5 | |
| Voodoo Lounge | 1 | |
19 total
» build order
00:28 War Mill
00:48 Orc Burrow
01:32 Altar of Storms
02:15 Stronghold
02:20 Orc Burrow
03:46 Orc Burrow
04:49 Beastiary
04:54 Beastiary
05:19 Orc Burrow
06:38 Fortress
06:39 Fortress
06:39 Fortress
06:39 Fortress
06:52 Voodoo Lounge
09:34 Orc Burrow
09:38 Orc Burrow
17:16 Orc Burrow
17:48 Orc Burrow
» items
| Claws of Attack +9 | 1 | |
| Slippers of Agility +3 | 2 | |
| Circlet of Nobility | 5 | |
| Orb of Lightning | 1 | |
| Healing Salve | 1 | |
10 total
team 2 (loser)

»
dudu (
pink | 63 APM | 1118 actions | 17:51)
4 Keeper of the Grove
2 Entangling Roots
2 Thorns Aura
» actions
| Assign group hotkey | 24 | |
| Basic commands | 161 | |
| Build / train | 54 | |
| Enter build submenu | 14 | |
| Enter hero's abilities submenu | 4 | |
| Remove unit from queue | 1 | |
| Right click | 352 | |
| Select / deselect | 210 | |
| Select group hotkey | 223 | |
| Use ability | 75 | |
1118 total
» units
| Wisp | 15 | |
| Archer | 11 | |
| Hippogryph | 8 | |
34 total
» upgrades
| Strength of the Moon | 2 | |
| Moon Armor | 1 | |
| Improved Bows | 1 | |
| Hippogryph Taming | 1 | |
| Strength of the Wild | 2 | |
| Reinforced Hides | 2 | |
9 total
» buildings
| Altar of Elders | 1 | |
| Moon Well | 5 | |
| Ancient of War | 1 | |
| Ancient of Wonders | 1 | |
| Tree of Ages | 1 | |
| Hunter's Hall | 1 | |
| Ancient of Wind | 3 | |
| Ancient Protector | 1 | |
14 total
» build order
00:42 Altar of Elders
01:00 Moon Well
01:13 Ancient of War
02:11 Moon Well
02:36 Ancient of Wonders
03:24 Moon Well
04:17 Tree of Ages
04:45 Hunter's Hall
06:43 Ancient of Wind
06:43 Ancient of Wind
07:05 Ancient of Wind
07:29 Ancient Protector
08:18 Moon Well
11:48 Moon Well
» items
| Lesser Clarity Potion | 1 | |
| Dust of Appearance | 1 | |
| Potion of Mana | 1 | |
| Scroll of Town Portal | 1 | |
4 total

»
speelplaats (
green | 52 APM | 915 actions | 17:28)
4 Blademaster
2 Wind Walk
2 Critical Strike
3 Tauren Chieftain
1 War Stomp
2 Endurance Aura
» actions
| Basic commands | 1 | |
| Build / train | 85 | |
| Enter build submenu | 34 | |
| Enter hero's abilities submenu | 7 | |
| Give item / drop item | 3 | |
| Remove unit from queue | 7 | |
| Right click | 334 | |
| Select / deselect | 346 | |
| Use ability | 98 | |
915 total
» units
| Peon | 19 | |
| Grunt | 2 | |
| Troll Headhunter/Berserker | 14 | |
| Demolisher | 2 | |
| Shaman | 5 | |
| Kodo Beast | 3 | |
45 total
» upgrades
| Armor | 3 | |
| Ranged Weapons | 3 | |
| Shaman Training | 2 | |
| Burning Oil | 1 | |
| Reinforced Defenses | 1 | |
| Berserker Upgrade | 1 | |
| War Drums Damage Increase | 1 | |
| Spiked Barricades | 1 | |
| Liquid Fire | 1 | |
14 total
» buildings
| Altar of Storms | 1 | |
| Orc Burrow | 9 | |
| Barracks | 2 | |
| War Mill | 2 | |
| Voodoo Lounge | 1 | |
| Great Hall | 1 | |
| Watch Tower | 9 | |
| Stronghold | 1 | |
| Spirit Lodge | 1 | |
| Fortress | 1 | |
| Beastiary | 2 | |
30 total
» build order
00:14 Altar of Storms
00:27 Orc Burrow
00:45 Barracks
01:35 Orc Burrow
02:03 War Mill
02:16 Voodoo Lounge
03:49 Great Hall
04:06 Watch Tower
04:17 Watch Tower
04:35 Orc Burrow
05:11 Watch Tower
05:19 Watch Tower
06:04 Stronghold
06:26 Watch Tower
07:30 Watch Tower
08:37 Watch Tower
08:46 War Mill
08:49 Orc Burrow
08:53 Spirit Lodge
09:20 Fortress
09:58 Watch Tower
10:06 Orc Burrow
10:08 Orc Burrow
10:16 Barracks
11:08 Orc Burrow
11:46 Beastiary
12:05 Watch Tower
14:30 Orc Burrow
14:33 Orc Burrow
15:21 Beastiary
» items
| Healing Salve | 4 | |
| Scroll of the Beast | 1 | |
| Scroll of Speed | 1 | |
| Lesser Clarity Potion | 2 | |
8 total
AbductedByAlien (
teal | 17 APM | 295 actions | 17:51)
1 Paladin
1 Divine Shield
» actions
| Assign group hotkey | 4 | |
| Basic commands | 10 | |
| Build / train | 38 | |
| Enter build submenu | 8 | |
| Enter hero's abilities submenu | 1 | |
| Remove unit from queue | 2 | |
| Right click | 114 | |
| Select / deselect | 93 | |
| Select group hotkey | 7 | |
| Use ability | 17 | |
295 total
» units
| Peasant | 13 | |
| Footman | 10 | |
| Goblin Shredder | 1 | |
24 total
» upgrades
» buildings
| Altar of Kings | 1 | |
| Barracks | 1 | |
| Farm | 3 | |
| Blacksmith | 1 | |
| Town Hall | 1 | |
| Keep | 1 | |
| Castle | 1 | |
9 total
» build order
00:20 Altar of Kings
00:35 Barracks
00:50 Farm
01:06 Farm
01:56 Blacksmith
06:25 Town Hall
08:33 Keep
11:03 Castle
14:02 Farm
» items
| Boots of Speed | 1 | |
| Staff of Teleportation | 1 | |
2 total

»
H3YM4NNffs (
yellow | 81 APM | 1240 actions | 15:23)
4 Blademaster
2 Wind Walk
2 Critical Strike
2 Shadow Hunter
1 Healing Wave
1 Hex
1 Tauren Chieftain
1 War Stomp
» actions
| Assign group hotkey | 24 | |
| Basic commands | 25 | |
| Build / train | 71 | |
| Enter build submenu | 23 | |
| Enter hero's abilities submenu | 8 | |
| Give item / drop item | 7 | |
| Remove unit from queue | 3 | |
| Right click | 619 | |
| Select / deselect | 273 | |
| Select group hotkey | 99 | |
| Use ability | 88 | |
1240 total
» units
| Peon | 20 | |
| Grunt | 4 | |
| Wind Rider | 5 | |
| Troll Batrider | 7 | |
36 total
» upgrades
| Envenomed Spears | 1 | |
| Ranged Weapons | 1 | |
| Armor | 1 | |
| Reinforced Defenses | 1 | |
4 total
» buildings
| Altar of Storms | 1 | |
| Orc Burrow | 9 | |
| Barracks | 1 | |
| Voodoo Lounge | 2 | |
| War Mill | 1 | |
| Stronghold | 1 | |
| Great Hall | 1 | |
| Fortress | 1 | |
| Beastiary | 2 | |
| Watch Tower | 4 | |
23 total
» build order
00:07 Altar of Storms
00:11 Orc Burrow
00:18 Barracks
01:42 Voodoo Lounge
02:57 War Mill
03:14 Stronghold
04:14 Orc Burrow
05:27 Orc Burrow
05:41 Great Hall
06:22 Fortress
07:44 Beastiary
07:49 Beastiary
09:43 Orc Burrow
10:52 Orc Burrow
10:55 Orc Burrow
11:49 Orc Burrow
11:53 Voodoo Lounge
11:57 Orc Burrow
13:06 Orc Burrow
13:12 Watch Tower
13:14 Watch Tower
14:22 Watch Tower
14:25 Watch Tower
» items
| Healing Salve | 3 | |
| Lesser Clarity Potion | 6 | |
| Orb of Lightning | 2 | |
| Scroll of Speed | 1 | |
| Potion of Healing | 1 | |
| Potion of Mana | 1 | |
| Gloves of Haste | 1 | |
15 total
Chat log
(00:11 / All) DTH]Nightsorrow: hello guys gg gl hf
(00:32 / All) gtfour: u too
(00:32 / Allies) speelplaats: hello team
(00:33 / Allies) speelplaats: units?
(00:41 / All) DTH]Nightsorrow: also have a great day!
(05:50 / Allies) dudu: teal,stupid idiot?
(07:57 / Allies) dudu: teal,what kind of stupid motherfuckin troll are you?
(13:31 / Allies) speelplaats: wood pls
(13:48 / Allies) speelplaats: ty
(15:37 / Allies) dudu: teal i hope you and your entire shit family gets cancer
(15:40 / Allies) dudu: stupid motherfucker
(17:35 / Allies) AbductedByAlien: haha
(17:36 / Allies) AbductedByAlien: noob
(17:47 / All) AbductedByAlien: HAHA
(17:49 / All) AbductedByAlien: NOOB RAPED